 Dungeon Crawl Stone Soup version 0.29.0-7-g18a832c13a (webtiles) character file.

Game seed: 9502188312413099151

103 Ordine the Conjurer (level 4, -15/24 HPs)
             Began as a Deep Elf Conjurer on Aug 30, 2022.
             Killed by divine providence
             ... invoked by an orc priest
              (17 damage)
             ... on level 3 of the Dungeon.
             The game lasted 00:04:38 (2668 turns).

Ordine the Conjurer (Deep Elf Conjurer)             Turns: 2668, Time: 00:04:39

Health: -15/24     AC:  7    Str:  4    XL:     4   Next: 51%
Magic:  0/12       EV: 12    Int: 25    God:
Gold:   150        SH:  0    Dex: 13    Spells: 8/11 levels left

rFire   . . .      SeeInvis .   j - +1 dagger (freeze)
rCold   . . .      Faith    .   (no shield)
rNeg    . . .      Spirit   .   a - +0 robe
rPois   .          Reflect  .   s - +0 helmet
rElec   .          Harm     .   k - scarf {+Inv}
rCorr   .          Rampage  .   f - +0 pair of gloves
Will    .....                   o - +2 pair of boots
Stlth   ++........              (no amulet)
HPRegen 0.08/turn               (no ring)
MPRegen 0.13/turn               (no ring)

@: no status effects
A: no striking features
a: Evoke Invisibility


You were on level 3 of the Dungeon.
You visited 1 branch of the dungeon, and saw 3 of its levels.

You collected 150 gold pieces.

Inventory:

Hand Weapons
 j - a +1 dagger of freezing (weapon)
Armour
 a - a +0 robe (worn)
 f - a +0 pair of gloves (worn)
 k - a scarf of invisibility (worn)
 o - a +2 pair of boots (worn)
 s - a +0 helmet (worn)
Scrolls
 c - 2 scrolls of teleportation {unknown}
 h - a scroll of amnesia {unknown}
 i - 2 scrolls of vulnerability {unknown}
 l - 4 scrolls of identify {unknown}
 n - a scroll of silence {unknown}
 q - a scroll of noise {unknown}
Potions
 b - a potion of magic
 d - a potion of haste {unknown}
 e - a potion of might {unknown}
 g - a potion of flight
 m - 3 potions of curing {unknown}
 p - a potion of attraction {unknown}
 r - a potion of invisibility {unknown}


   Skills:
 - Level 3.0 Dodging
 - Level 3.0 Stealth
 + Level 4.2 Spellcasting
 * Level 5.6 Conjurations


You had 8 spell levels left.
You knew the following spells:

 Your Spells              Type           Power      Damage    Failure   Level
a - Magic Dart            Conj           100%       1d8       1%          1
b - Searing Ray           Conj           66%        2d6       1%          2

Your spell library contained the following spells:

 Spells                   Type           Power      Damage    Failure   Level
 Shock                    Conj/Air       76%        1d7       2%          1
 Dazzling Flash           Conj/Hex       38%        N/A       9%          3
 Swiftness                Air            5%         N/A       26%         3
 Fulminant Prism          Conj/Hex       9%         3d7       28%         4
 Iskenderun's Mystic Bla  Conj/Tloc      19%        2d6       28%         4
 Airstrike                Air            2%         2d(1-17)  65%         4


Dungeon Overview and Level Annotations

Branches:
Dungeon (3/15)

Altars:
Dithmenos
Makhleb

Annotations:
D:3 1 runed translucent door, Crazy Yiuf, Grinder


Message History

You completely miss the orc. You hit the orc. You freeze the orc.
The orc is heavily wounded.
The orc drinks a potion.
The orc goes berserk!
You hit the orc. You freeze the orc.
You kill the orc!
The orc priest mumbles some strange prayers to Beogh against you.
You barely resist.
The orc priest mumbles some strange prayers to Beogh against you.
Beogh smites you!
There is an open door, spattered with blood here.
Things that are here:
a +0 short sword; an orc corpse You closely miss the orc priest.
The orc priest is heavily wounded.
The orc priest closely misses you.
You hit the orc priest. You freeze the orc priest.
The orc priest is severely wounded.
The orc priest hits you with a +0 hand axe.
Casting: Magic Dart (safe; 1% risk of failure)
Confirm with . or Enter, or press ? or * to list all spells.
Aiming: Magic Dart (safe; 1% risk of failure)
Press: ? - help, Shift-Dir - straight line, f/p - orc priest
Aim: an orc priest, wielding a +0 hand axe and wearing a +0 leather armour (severely wounded, 100% to hit)
The magic dart hits the orc priest but does no damage.
The orc priest is severely wounded.
The orc priest hits you with a +0 hand axe.
* * * LOW HITPOINT WARNING * * *
Unknown command.
You hit the orc priest but do no damage.
The orc priest is severely wounded.
The orc priest calls down the wrath of Beogh upon you.
Pain shoots through your body!
* * * LOW HITPOINT WARNING * * *
The orc priest attacks as you move away!
The orc priest closely misses you.
The orc priest calls down the wrath of Beogh upon you.
Beogh smites you!
Ouch! That really hurt!
You die...

#...........####.#
#.................
######'#######..##.
#####......#
........
#.......####
######### #.......#
#.......# #.......#
#...[.@.# #####)###
.......o)#
.........#
.......).#
.........#
.........#
.........#
.........#


You could see an orc priest.

Vanquished Creatures
  An orc wizard (D:3)
  2 adders (D:2)
  4 worms
  2 dart slugs
  2 orcs (D:3)
  4 bats
  4 endoplasms
  2 giant cockroaches (D:2)
  6 goblins
  3 hobgoblins (D:1)
  3 ball pythons
  5 frilled lizards
  4 kobolds
  4 rats
46 creatures vanquished.

Notes
Turn   | Place    | Note
-------+----------+-------------------------------------------
     0 | D:1      | Ordine the Deep Elf Conjurer began the quest for the Orb.
     0 | D:1      | Reached XP level 1. HP: 10/10 MP: 6/6
   285 | D:1      | Reached XP level 2. HP: 15/15 MP: 6/8
   310 | D:1      | Learned a level 2 spell: Searing Ray
   940 | D:2      | Reached XP level 3. HP: 19/19 MP: 5/9
  1088 | D:2      | Reached skill level 5 in Conjurations
  1191 | D:2      | Found a burning altar of Makhleb.
  1359 | D:2      | Found a faded altar of an unknown god.
  1806 | D:3      | Found a runed translucent door.
  1807 | D:3      | Noticed Crazy Yiuf
  1975 | D:3      | Reached XP level 4. HP: 24/24 MP: 6/11
  2110 | D:3      | Noticed Grinder
  2122 | D:3      | Paralysed by Grinder for 4 turns
  2532 | D:3      | Found a shadowy altar of Dithmenos.
  2668 | D:3      | Killed from afar by an orc priest

Illustrated notes

Levels and vault maps discovered:
D:1:      dpeg_arrival_windows_large_door, layout_basic, st_stairs_10,
          hangedman_decor_peaks_small, glass_columns_b
D:2:      layout_loops_cross, nicolae_ecumenical_oubliette, basic_altar
D:3:      layout_basic, old_standard_altar, corexii_leaking_fountain,
          grunt_ministairs_12, minmay_misc_feat_iff, nicolae_wormholes,
          uniq_crazy_yiuf_cottage, uniq_grinder

Skill      XL: |  1  2  3  4 |
---------------+-------------+-----
Stealth        | 3 |  3.0
Dodging        | 3 |  3.0
Conjurations   | 5 |  5.6
Spellcasting   | 4 |  4.2

Action                   |  1- 3 |  4- 6 || total
-------------------------+-------+-------++-------
Melee: Dagger            |     2 |     9 ||    11
 Cast: Magic Dart        |    80 |    28 ||   108
       Searing Ray       |     1 |     2 ||     3
  Use: Potion            |       |     1 ||     1
Armor: Robe              |       |     1 ||     1
Dodge: Dodged            |     5 |     2 ||     7
